 Dungeon Crawl Stone Soup version 0.29.0-7-g18a832c13a (webtiles) character file.

Game seed: 4735027866536003526

3035 Woods the Gusty (level 9, 0/73 HPs)
             Began as a Purple Draconian Air Elementalist on Aug 31, 2022.
             Was an Initiate of Gozag.
             Shot with an arrow by a centaur warrior (10 damage)
             ... on level 8 of the Dungeon.
             The game lasted 00:20:41 (11151 turns).

Woods the Gusty (DrAE)                             Turns: 11151, Time: 00:20:41

Health: 0/73       AC:  9    Str: 14    XL:     9   Next: 56%
Magic:  2/18       EV: 13    Int: 20    God:    Gozag
Gold:   1558       SH:  0    Dex: 13    Spells: 10/20 levels left

rFire   . . .      SeeInvis .   v - +6 quarterstaff "Trog's Indignation" {protect, rPois rCorr Str+3 Dex+2}
rCold   . . .      Faith    .   (shield currently unavailable)
rNeg    . . .      Spirit   .   (body armour unavailable)
rPois   +          Reflect  .   (helmet restricted)
rElec   .          Harm     .   o - +0 cloak
rCorr   +          Rampage  .   n - +0 pair of gloves
Will    +....                   (no boots)
Stlth   +++.......              (no amulet)
HPRegen 0.22/turn               u - ring of resist corrosion
MPRegen 0.16/turn               (no ring)

@: about to teleport, gold aura
A: breathe power, AC +7, unfitting armour, cold-blooded
a: Breathe Dispelling Energy, Renounce Religion, Potion Petition, Call Merchant,
Bribe Branch


You were on level 8 of the Dungeon.
You worshipped Gozag.
Gozag was most pleased with you.
You visited 1 branch of the dungeon, and saw 8 of its levels.

You collected 1558 gold pieces.

Inventory:

Hand Weapons
 v - the +6 quarterstaff "Trog's Indignation" (weapon) {protect, rPois rCorr Str+3 Dex+2}
   (You took it off a wight on level 8 of the Dungeon)

   It grants its wielder temporary protection when it strikes (+7 to AC).
   Str:       It affects your strength (+3).
   Dex:       It affects your dexterity (+2).
   rPois:     It protects you from poison.
   rCorr:     It protects you from acid and corrosion.
Missiles
 t - 2 throwing nets
Armour
 n - a +0 pair of gloves (worn)
 o - a +0 cloak (worn)
Jewellery
 u - a ring of resist corrosion (left hand)
Wands
 j - a wand of polymorph (8)
Scrolls
 c - 3 scrolls of identify
 e - 3 scrolls of magic mapping
 f - 2 scrolls of teleportation
 i - a scroll of enchant weapon {unknown}
 p - a scroll of poison {unknown}
 q - a scroll of vulnerability {unknown}
 s - a scroll of immolation {unknown}
Potions
 a - a potion of magic
 b - a potion of brilliance {unknown}
 d - 2 potions of mutation {unknown}
 g - 4 potions of curing
 h - 2 potions of might {unknown}
 k - 2 potions of resistance {unknown}
 l - 2 potions of attraction {unknown}
 m - a potion of cancellation {unknown}
 r - a potion of degeneration {unknown}


   Skills:
 + Level 4.9 Fighting
 + Level 4.5 Dodging
 - Level 5.0 Stealth
 - Level 6.0 Spellcasting
 - Level 7.0 Conjurations
 - Level 7.0 Air Magic


You had 10 spell levels left.
You knew the following spells:

 Your Spells              Type           Power      Damage    Failure   Level
a - Shock                 Conj/Air       100%       1d9       1%          1
b - Static Discharge      Conj/Air       34%        3-8/arc   1%          2
c - Swiftness             Air            34%        N/A       1%          3
d - Airstrike             Air            17%        2d(3-19)  6%          4

Your spell library contained the following spells:

 Spells                   Type           Power      Damage    Failure   Level
 Iskenderun's Battlesphe  Conj           34%        2d9       16%         5
 Ozocubu's Armour         Ice            6%         N/A       30%         3
 Metabolic Englaciation   Hex/Ice        3%         N/A       96%         5
 Iron Shot                Conj/Erth      10%        9d3       98%         6
 Spellforged Servitor     Conj/Summ      10%        N/A       100%        7
 Simulacrum               Ice/Necr       Unusable   N/A       N/A         6

Dungeon Overview and Level Annotations

Branches:
Dungeon (8/15)             Temple (0/1) D:7
   Lair: D:8-11

Altars:
Ashenzari
Dithmenos
Fedhas
Gozag
Qazlal
Ru
Sif Muna
Trog
Wu Jian

Shops:
D:5 (

Annotations:
D:3 Sigmund
D:7 2 transporters, Lemondrips's ghost, weakling TrDe


Innate Abilities, Weirdness & Mutations

You can breathe bolts of dispelling energy.
Your rich purple scales are hard. (AC +7)
You cannot fit into any form of body armour.
You are cold-blooded and may be slowed by cold attacks.


Message History

A steam dragon comes into view.
The steam dragon hisses angrily.
The steam dragon breathes steam at you. The ball of steam misses you.
You hear a shout!
Casting: Shock (safe; 1% risk of failure)
Confirm with . or Enter, or press ? or * to list all spells.
Aiming: Airstrike (dangerous; 6% risk of failure)
Press: ? - help, Dir - move target, f - steam dragon
Aim: a steam dragon (catching its breath, empty space bonus: 8/8)
The air twists around and strikes the steam dragon!!
You kill the steam dragon!
A centaur warrior comes into view.
Casting: Airstrike (dangerous; 6% risk of failure)
Confirm with . or Enter, or press ? or * to list all spells.
Aiming: Airstrike (dangerous; 6% risk of failure)
Press: ? - help, Dir - move target, f - centaur warrior
Aim: a centaur warrior (empty space bonus: 6/8)
The air twists around and strikes the centaur warrior!!
The centaur warrior is moderately wounded.
You are engulfed in a cloud of scalding steam.
The centaur warrior wields a +0 shortbow.
The centaur warrior shoots an arrow.
The arrow hits you!
The centaur warrior shoots an arrow.
The arrow hits you!
Casting: Airstrike (dangerous; 6% risk of failure)
Confirm with . or Enter, or press ? or * to list all spells.
You don't have enough magic to cast this spell.
Unknown command.
Casting: Airstrike (dangerous; 6% risk of failure)
Confirm with . or Enter, or press ? or * to list all spells.
You don't have enough magic to cast this spell.
As you read the scroll of teleportation, it crumbles to dust.
You feel strangely unstable.
You are engulfed in a cloud of scalding steam.
The centaur warrior shoots an arrow.
The arrow hits you!!
The centaur warrior shoots an arrow.
The arrow hits you!
* * * LOW HITPOINT WARNING * * *
The centaur warrior shoots an arrow.
The arrow hits you!
You die...
Your body crumbles into a pile of gold.

...........# #.##.##
.###.......####.##.#.
###.......##.##... ######
#.#.....##.####. #.....
#.[.....##.# #.
#....c###.......##.# #.
#.....)§........##.# #.
#...$.§.....#......# #.
....$§..@...........# #.
............(.......# #.
...####.##..........#####
.. #.#..###...<#...... .
...#.###.#.##.#####
.#....###...##.# ..#..
..#..## #.# # #. ..#..
#.. .._. ###


You could see a centaur warrior.

Vanquished Creatures
  4 vampire mosquitoes (D:7)
  2 steam dragons (D:8)
  A water moccasin (D:7)
  2 sky beasts
  An ice beast (D:6)
  An orc warrior (D:7)
  2 ogres
  A kobold brigand (D:7)
  2 necrophages
  4 scorpions
  2 wights (D:8)
  5 killer bees (D:8)
  A howler monkey (D:7)
  5 jellies
  3 orc priests
  3 hounds (D:6)
  3 gnoll boudas
  Jessica (D:3)
  2 iguanas
  An orc wizard (D:5)
  10 gnolls
  5 adders
  A shadow imp (D:5)
  2 white imps
  An ufetubus (D:4)
  4 dart slugs
  35 orcs
  10 ball pythons
  4 bats
  16 endoplasms
  6 giant cockroaches
  4 goblins
  7 hobgoblins
  14 kobolds
  4 quokkas
  26 rats
195 creatures vanquished.

Vanquished Creatures (others)
  12 fungi
  4 plants (D:5)
  9 toadstools (D:2)
25 creatures vanquished.

Grand Total: 220 creatures vanquished

Notes
Turn   | Place    | Note
-------+----------+-------------------------------------------
     0 | D:1      | Woods the Draconian Air Elementalist began the quest for
                  | the Orb.
     0 | D:1      | Reached XP level 1. HP: 14/14 MP: 3/3
   115 | D:1      | Found a faded altar of an unknown god.
   292 | D:1      | Prayed at the altar of an unknown god.
   292 | D:1      | Became a worshipper of Gozag Ym Sagoz the Greedy
   300 | D:1      | Reached XP level 2. HP: 20/20 MP: 3/5
   737 | D:1      | Learned a level 2 spell: Static Discharge
  1162 | D:1      | Reached XP level 3. HP: 25/26 MP: 2/6
  1905 | D:2      | Learned a level 3 spell: Swiftness
  2024 | D:2      | Reached XP level 4. HP: 26/33 MP: 0/8
  3541 | D:3      | Noticed Sigmund
  3916 | D:3      | Noticed Jessica
  3921 | D:3      | Killed Jessica
  3922 | D:3      | Reached XP level 5. HP: 35/38 MP: 6/9
  4774 | D:4      | Reached XP level 6. HP: 28/45 MP: 3/11
  5120 | D:4      | You fall into a shaft and drop 1 floor!
  5120 | D:5      | Entered Level 5 of the Dungeon
  5548 | D:4      | Your scales start taking on a rich purple colour.
  5548 | D:4      | Reached XP level 7. HP: 43/50 MP: 5/14
  6427 | D:5      | Found Haerch's Antique Weapon Boutique.
  6462 | D:5      | Found a stormy altar of Qazlal.
  6560 | D:5      | Found a blossoming altar of Fedhas.
  6695 | D:5      | Reached skill level 5 in Spellcasting
  6932 | D:6      | Reached skill level 5 in Air Magic
  7033 | D:5      | Learned a level 4 spell: Airstrike
  7439 | D:6      | Reached XP level 8. HP: 47/57 MP: 7/16
  7578 | D:6      | Reached skill level 5 in Stealth
  7876 | D:6      | Reached skill level 5 in Conjurations
  9018 | D:7      | Found a sacrificial altar of Ru.
  9021 | D:7      | Found an ornate altar of the Wu Jian Council.
  9029 | D:7      | Found a shimmering blue altar of Sif Muna.
  9029 | D:7      | Found a shadowy altar of Dithmenos.
  9035 | D:7      | Found a bloodstained altar of Trog.
  9099 | D:7      | Reached XP level 9. HP: 61/63 MP: 12/18
  9184 | D:7      | Reached skill level 1 in Fighting
  9327 | D:7      | Found a transporter.
  9328 | D:7      | Found a bloodstained altar of Trog.
  9328 | D:7      | Noticed Lemondrips's ghost (weakling TrDe)
  9329 | D:7      | Noticed a moth of wrath
  9335 | D:7      | Found a transporter.
  9576 | D:7      | Found a staircase to the Ecumenical Temple.
 10356 | D:8      | Identified the +6 quarterstaff "Trog's Indignation"
                  | {protect, rPois rCorr Str+3 Dex+2}
 10721 | D:8      | Found a broken altar of Ashenzari.
 11148 | D:8      | Noticed a centaur warrior
 11151 | D:8      | Shot with an arrow by a centaur warrior

Illustrated notes

Levels and vault maps discovered:
D:1:      onia_arrival_handbag, layout_loops_corners,
          ebering_ecumenical_altar_box
D:2:      cheibrodos_fertilizer, layout_loops_ring, kennysheep_generic_room_13
D:3:      layout_loops_cross, minmay_rat_hole, uniq_sigmund, uniq_jessica
D:4:      layout_basic, minivault_26
D:5:      layout_basic, grunt_temple_overflow_forces_of_nature,
          nicolae_inconvenience_store
D:6:      layout_basic, nicolae_overflow_hidden_temple
D:7:      layout_loops_ring, nicolae_overflow_hallway_of_the_gods, temple_hall,
          gammafunk_ghost_wrathful_warriors
D:8:      layout_basic, cheibrodos_ashenzari_chains, tgw_xom, tso_oasis_becter,
          gammafunk_temple_overflow_elements, mainiacjoe_overflow_alcove_4,
          minmay_microvault

Skill      XL: |  1  2  3  4  5  6  7  8  9 |
---------------+----------------------------+-----
Stealth        | 2 3 4 5 |  5.0
Conjurations   | 2 3 4 7 |  7.0
Spellcasting   | 3 4 5 6 |  6.0
Air Magic      | 4 5 7 |  7.0
Dodging        | 2 4 |  4.5
Fighting       | 4 |  4.9

Action                   |  1- 3 |  4- 6 |  7- 9 || total
-------------------------+-------+-------+-------++-------
Melee: Unarmed           |    26 |    78 |     5 ||   109
       Tailslap          |     4 |    12 |     2 ||    18
       Punch             |       |       |     1 ||     1
 Cast: Shock             |    42 |    33 |    76 ||   151
       Static Discharge  |    11 |    51 |    62 ||   124
       Airstrike         |       |       |    37 ||    37
 Abil: Breathe Dispellin |       |       |     8 ||     8
  Use: Scroll            |       |     4 |     1 ||     5
 Stab: Distracted        |     1 |     1 |     1 ||     3
Armor: Skin              |     7 |    49 |    16 ||    72
Dodge: Dodged            |    19 |    79 |    27 ||   125
